 Dungeon Crawl Stone Soup version 0.31.0-2-g5a2aebc5c2 (webtiles) character file.

Game seed: 736669592019058061

13513 dorian the Basher (level 12, -34/127 HPs)
             Began as an Oni Gladiator on Jan 20, 2024.
             Was a Priest of Ru.
             Annihilated by a titanic slime creature (87 damage)
             ... on level 12 of the Dungeon.
             The game lasted 00:27:03 (13669 turns).

dorian the Basher (Oni Gladiator)                  Turns: 13669, Time: 00:27:04

Health: -34/127    AC: 13    Str: 25    XL:     12   Next: 6%
Magic:  12/12      EV: 10    Int:  9    God:    Ru [***...]
Gold:   1946       SH:  0    Dex: 10    Spells: 11/11 levels left

rFire   . . .        z - +4 giant spiked club
rCold   . . .        (shield currently unavailable)
rNeg    . . .        D - +1 swamp dragon scales
rPois   +            c - +1 hat
rElec   .            g - +0 cloak
rCorr   .            (gloves unavailable)
SInv    .            (boots unavailable)
Will    +....        x - amulet of regeneration Stlth
                     (no ring)
HPRegen 1.21/turn    (no ring)
MPRegen 0.13/turn

%: no passive effects
@: hasted, very quick
A: large, unfitting armour, horns 1, tough skin 1, inability to use devices, no
air magic, no necromancy magic, no alchemy magic, double potion healing, drunken
brawling
a: Renounce Religion, Draw Out Power


You were on level 12 of the Dungeon.
You worshipped Ru.
Ru was most pleased with you.
You visited 2 branches of the dungeon, and saw 14 of its levels.
You also visited: Ossuary.

You collected 1946 gold pieces.

Inventory:

Hand Weapons
 a - a +0 flail
 y - a +5 flail
 z - a +4 giant spiked club (weapon)
Missiles
 e - a large rock
 i - 79 stones
 n - 5 boomerangs (quivered)
 r - 7 curare-tipped darts
 u - 3 javelins
 v - 14 poisoned darts
Armour
 b - a +0 robe
 c - a +1 hat (worn)
 g - a +0 cloak (worn)
 B - +0 steam dragon scales
 D - +1 swamp dragon scales (worn)
Jewellery
 x - an amulet of regeneration (around neck)
Scrolls
 f - a scroll of fog
 m - 8 scrolls of noise
 o - a scroll of fear
 p - 3 scrolls of immolation
 t - a scroll of teleportation
Potions
 d - a potion of might
 j - 5 potions of degeneration
 k - 3 potions of ambrosia
 l - 3 potions of mutation
 q - 6 potions of curing
 s - 4 potions of enlightenment
 w - 2 potions of heal wounds
 A - 2 potions of attraction
 C - a potion of cancellation
 F - a potion of magic {unknown}
 G - 4 potions of brilliance {unknown}


   Skills:
 + Level 10.3 Fighting
 * Level 11.6 Maces & Flails
 * Level 11.4 Throwing
 + Level 5.6 Armour
 - Level 4.7 Dodging


You had 11 spell levels left.
You didn't know any spells.
Your spell library contained the following spells:

 Spells                   Type           Power      Damage    Failure   Level
 Apportation              Tloc           0%         N/A       52%         1
 Summon Small Mammal      Summ           0%         N/A       52%         1
 Ensorcelled Hibernation  Hex/Ice        0%         N/A       65%         2
 Passwall                 Erth           0%         N/A       87%         3
 Stone Arrow              Conj/Erth      0%         3d7       87%         3
 Animate Armour           Summ/Erth      0%         N/A       99%         4
 Cause Fear               Hex            0%         N/A       99%         4
 Fireball                 Conj/Fire      0%         3d3       100%        5
 Lee's Rapid Deconstruct  Erth           0%         3d4*      100%        5
 Lehudib's Crystal Spear  Conj/Erth      0%         10d2      100%        8
 Dragon's Call            Summ           0%         N/A       100%        9
 Necrotise                Necr           Unusable   1d4       N/A         1
 Sting                    Conj/Alch      Unusable   1d3       N/A         1
 Mercury Vapours          Alch/Air       Unusable   N/A       N/A         2
 Mephitic Cloud           Conj/Alch/Air  Unusable   N/A       N/A         3
 Swiftness                Air            Unusable   N/A       N/A         3
 Summon Lightning Spire   Summ/Air       Unusable   N/A       N/A         4
 Vhi's Electric Charge    Tloc/Air       Unusable   N/A       N/A         4
 Arcjolt                  Conj/Air       Unusable   1d10      N/A         5
 Freezing Cloud           Conj/Ice/Air   Unusable   6-21      N/A         5
 Maxwell's Capacitive Co  Air            Unusable   ∞         N/A         8

Dungeon Overview and Level Annotations

Branches:
Dungeon (13/15) Zot: 26835  Temple (1/1) D:6 Zot: 5929    Lair (0/5) D:11
    Orc (0/2) D:11        Ossuary (visited)
 Vaults: D:13-14

Altars:
Ashenzari
Cheibriados
Dithmenos
Elyvilon
Fedhas
Gozag
Hepliaklqana
Kikubaaqudgha
Makhleb
Nemelex Xobeh
Okawaru
Qazlal
Ru
Sif Muna
Trog
Uskayaw
Vehumet
Wu Jian
Xom
Yredelemnul
Zin
The Shining One


Innate Abilities, Weirdness & Mutations

You are too large for most types of armour.
You have a pair of small horns on your head.
You have tough skin. (AC +1)
You cannot study or use magical devices.
You cannot study or cast Air magic.
You cannot study or cast Necromancy magic.
You cannot study or cast Alchemy magic.
You gain doubled healing and magic from potions.
Whenever you drink a healing potion, you attack all around you.


Message History

The slime creature quivers.
A slime creature comes into view.
Items here: ))))) [[[ †.
You start waiting.
A slime creature is nearby!
You barely miss the slime creature.
Your headbutt misses the slime creature.
The slime creature hits you!
You puncture the slime creature!
The slime creature is lightly wounded.
Two slime creatures merge to form a large slime creature.
You impale the large slime creature!! You headbutt the large slime creature.
The large slime creature is moderately wounded.
The large slime creature hits you!!
You bludgeon the large slime creature!!
The large slime creature is heavily wounded.
The large slime creature hits you but does no damage.
Two slime creatures merge to form a very large slime creature.
You impale the very large slime creature!!
You headbutt the very large slime creature!
The very large slime creature is heavily wounded.
The very large slime creature hits you!!!
The slime creature quivers.
You sock the very large slime creature!
You headbutt the very large slime creature!
The very large slime creature is severely wounded.
Two slime creatures merge to form an enormous slime creature.
You sock the enormous slime creature!
You headbutt the enormous slime creature!
The enormous slime creature is heavily wounded.
A slime creature comes into view.
The enormous slime creature is stunned by your conviction and fails to attack.
You thump the enormous slime creature!
The enormous slime creature is severely wounded.
Two slime creatures merge to form a titanic slime creature.
Okay, then.
Okay, then.
You feel yourself speed up. The titanic slime creature hits you!!!!
Ouch! That really hurt!
You die...

########
#####......#
#..........#
#.....#J...#
#.....@#...#
#####.#######J.#
#..........#...#
#.........#....#
#..............#
#...............
#..........>..J..
#................
#.........####..J.


You could see a titanic slime creature.

Vanquished Creatures
  3 two-headed ogres
  3 boulder beetles
  An elephant (D:11)
  Maggie (D:8)
  3 kobold demonologists (D:11)
  Jeremiah (D:7)
  2 trolls (D:11)
  5 slime creatures (D:12)
  2 shadows (D:11)
  A wraith (D:10)
  9 yaks (D:10)
  6 wyverns
  A basilisk (D:11)
  A warg (D:11)
  A steam dragon (D:8)
  2 orc warriors (D:9)
  3 water moccasins
  An ice beast (D:7)
  3 ogres
  A black bear (D:11)
  3 centaurs
  4 kobold brigands
  3 phantoms
  2 bullfrogs
  5 scorpions
  2 burial acolytes (Ossuary)
  12 wights
  A howler monkey (D:9)
  4 bombardier beetles
  5 hounds
  5 jellies
  4 orc priests
  4 iguanas
  Terence (D:3)
  10 orc wizards
  4 gnolls (D:4)
  9 adders
  A shadow imp (D:6)
  6 ufetubi
  2 adder skeletons (Ossuary)
  2 ribbon worms (D:4)
  3 dart slugs
  46 orcs
  6 ball pythons
  3 bats
  5 endoplasms
  2 giant cockroaches
  12 goblins
  8 hobgoblins
  2 jackals (D:5)
  27 kobolds
  6 quokkas
  A frilled lizard (D:3)
  3 hobgoblin skeletons (Ossuary)
  A kobold skeleton (Ossuary)
  3 orc skeletons (Ossuary)
  3 rats
270 creatures vanquished.

Vanquished Creatures (others)
  An orc wizard (D:8)
1 creature vanquished.

Grand Total: 271 creatures vanquished

Notes
Turn   | Place    | Note
-------+----------+-------------------------------------------
     0 | D:1      | dorian the Oni Gladiator began the quest for the Orb.
     0 | D:1      | Reached XP level 1. HP: 22/22 MP: 1/1
    97 | D:1      | Reached XP level 2. HP: 29/29 MP: 2/2
   762 | D:1      | Reached XP level 3. HP: 37/37 MP: 3/3
   822 | D:1      | Found a faded altar of an unknown god.
  1576 | D:3      | Reached XP level 4. HP: 20/45 MP: 4/4
  2199 | D:3      | Noticed Terence
  2208 | D:3      | Killed Terence
  2209 | D:3      | Reached XP level 5. HP: 53/53 MP: 5/5
  2771 | D:4      | Noticed an ogre
  2780 | D:4      | HP: 1/54 [ogre/+0 giant club (25)]
  2781 | D:4      | Killed an ogre
  2782 | D:4      | Reached XP level 6. HP: 1/62 MP: 6/6
  3445 | D:4      | Reached skill level 5 in Maces & Flails
  3464 | D:4      | Found an opulent altar of Gozag.
  3750 | D:4      | Reached XP level 7. HP: 71/71 MP: 7/7
  4147 | D:4      | Found a shadowy altar of Dithmenos.
  4304 | D:5      | Entered Level 5 of the Dungeon
  4582 | D:5      | Reached skill level 5 in Throwing
  4743 | D:5      | Reached skill level 5 in Fighting
  4927 | D:5      | Reached XP level 8. HP: 56/80 MP: 8/8
  7013 | D:6      | Noticed a boulder beetle
  7020 | D:6      | Killed a boulder beetle
  7021 | D:6      | Reached skill level 1 in Armour
  7021 | D:6      | Reached XP level 9. HP: 56/92 MP: 9/9
  7230 | D:6      | Found a sand-covered staircase.
  7258 | Ossuary  | Entered an ossuary
  8243 | D:6      | Found a staircase to the Ecumenical Temple.
  8326 | Temple   | Entered the Ecumenical Temple
  8375 | Temple   | Became a worshipper of Ru the Awakened
  8760 | D:7      | HP: 1/93 [wyvern (14)]
  9094 | D:7      | Noticed Jeremiah
  9138 | D:7      | Killed Jeremiah
  9139 | D:7      | Reached XP level 10. HP: 64/104 MP: 10/10
 10038 | D:8      | Noticed Maggie
 10048 | D:8      | Killed Maggie
 10143 | D:8      | Gained mutation: You cannot study or cast Air magic. [Ru
                  | sacrifice]
 10143 | D:8      | Gained mutation: You cannot study or cast Alchemy magic.
                  | [Ru sacrifice]
 10143 | D:8      | Gained mutation: You cannot study or cast Necromancy magic.
                  | [Ru sacrifice]
 10143 | D:8      | Reached * piety under Ru
 10621 | D:8      | Found a hazy altar of Hepliaklqana.
 10675 | D:8      | Found an iron altar of Okawaru.
 10726 | D:8      | Noticed a two-headed ogre
 10734 | D:8      | Killed a two-headed ogre
 11535 | D:9      | Reached skill level 10 in Maces & Flails
 11821 | D:10     | Entered Level 10 of the Dungeon
 11824 | D:9      | Identified a scroll of acquirement
 11825 | D:9      | Acquired 1029 gold pieces
 11866 | D:10     | Reached XP level 11. HP: 105/113 MP: 11/11
 11874 | D:10     | Reached skill level 10 in Throwing
 12317 | D:10     | Noticed a two-headed ogre
 12325 | D:10     | Killed a two-headed ogre
 12401 | D:10     | Gained mutation: You cannot study or use magical devices.
                  | [Ru sacrifice]
 12401 | D:10     | Reached ** piety under Ru
 12401 | D:10     | Reached *** piety under Ru
 12729 | D:11     | Noticed a boulder beetle
 12742 | D:11     | Killed a boulder beetle
 13013 | D:11     | Found a staircase to the Orcish Mines.
 13204 | D:11     | Reached skill level 5 in Armour
 13312 | D:11     | Noticed a boulder beetle
 13323 | D:11     | Killed a boulder beetle
 13324 | D:11     | Found a staircase to the Lair.
 13346 | D:11     | Reached skill level 10 in Fighting
 13377 | D:11     | Noticed a two-headed ogre
 13377 | D:11     | Noticed a deep elf pyromancer
 13412 | D:11     | Killed a two-headed ogre
 13506 | D:11     | You fall into a shaft and drop 2 floors!
 13527 | D:12     | Reached XP level 12. HP: 113/126 MP: 12/12
 13669 | D:12     | Annihilated by a titanic slime creature

Illustrated notes

Levels and vault maps discovered:
D:1:      eino_arrival_water_star, layout_loops_corners,
          dreamdust_ecumenical_altar_angels_and_demons
D:2:      layout_rooms, kennysheep_generic_room_8
D:3:      layout_loops_corners, minmay_cupped, uniq_terence
D:4:      layout_loops_ring, marbit_many_paths, nicolae_overflow_crystal_walls
D:5:      minmay_polygon_palace, layout_layer_cave, st_stairs_3
D:6:      layout_loops_ring, minmay_temple_entry_nine_rooms,
          nicolae_ossuary_entry_false_entrances
D:7:      layout_rooms, enter_bailey_4, uniq_jeremiah
D:8:      layout_basic, mainiacjoe_overflow_two_lobes, kennysheep_pointless_box,
          skrybe_limestone_x, uniq_maggie
D:9:      layout_roguey, grunt_decor_cap
D:10:     layout_roguey, minmay_holes, statue_in_the_mist_lemuel
D:11:     layout_grid_maze, david_lair_generic, david_orc_3
D:12:     layout_irregular_city, serial_shops, nicolae_shop_advertising_works
          [nicolae_subvault_shop_adworks], chequers_mini_garden, uniq_erolcha,
          uniq_kirke
D:13:     layout_loops_cross
Temple:   regret_index_temple_mists

Skill      XL: |  1  2  3  4  5  6  7  8  9 10 11 |
---------------+----------------------------------+-----
Fighting       | 3 4 5 6 7 8 10 | 10.3
Dodging        | 3 4 |  4.7
Throwing       | 3 4 5 7 8 9 11 | 11.4
Maces & Flails | 4 5 7 8 10 11 | 11.6
Armour         | 1 2 4 5 |  5.6

Action                     |  1- 3 |  4- 6 |  7- 9 | 10-12 || total
---------------------------+-------+-------+-------+-------++-------
  Melee: Flail             |    91 |   101 |   125 |       ||   317
         Headbutt          |     8 |    16 |    49 |    64 ||   137
         Punch             |       |     1 |     1 |       ||     2
         Giant spiked club |       |       |   194 |   290 ||   484
  Throw: Boomerang         |    23 |    23 |     2 |    76 ||   124
         Stone             |     6 |     9 |    11 |       ||    26
         Throwing net      |       |     3 |     3 |       ||     6
         Dart              |       |     3 |    12 |    26 ||    41
         Javelin           |       |       |    10 |     2 ||    12
 Invoke: Sacrifice Arcana  |       |       |       |     1 ||     1
         Sacrifice Artific |       |       |       |     1 ||     1
  Evoke: Wand              |       |       |     1 |       ||     1
    Use: Scroll            |     8 |       |    11 |     8 ||    27
         Potion            |       |       |     5 |     1 ||     6
   Stab: Held in net/web   |       |     1 |     1 |       ||     2
 Armour: Robe              |    56 |    61 |   344 |    33 ||   494
         Swamp dragon scal |       |       |       |   211 ||   211
         Steam dragon scal |       |       |       |     4 ||     4
         Skin              |       |       |       |     1 ||     1
  Dodge: Dodged            |    64 |    52 |   234 |   128 ||   478
